 Dungeon Crawl Stone Soup version 0.18-a0-1041-gbe91bf5 (webtiles) character file.

132 Gorice the Skirmisher (level 4, -8/39 HPs)
             Began as a Centaur Wanderer on Jan 10, 2016.
             Mangled by a river rat (9 damage)
             ... on level 3 of the Dungeon.
             The game lasted 00:16:05 (3471 turns).

Gorice the Skirmisher (Centaur Wanderer)            Turns: 3471, Time: 00:16:05

Health: -8/39      AC:  6    Str: 16    XL:     4   Next: 92%
Magic:  6/6        EV:  8    Int: 11    God:
Gold:   38         SH:  2    Dex:  8    Spells: 0 memorised, 6 levels left

rFire  + . .     SeeInvis .     a - +0 short sword
rCold  . . .     Gourm    .     j - +2 leather armour {rF+}
rNeg   . . .     Faith    .     n - +0 buckler
rPois  .         Spirit   .     (no helmet)
rElec  .         Dismiss  .     (no cloak)
rCorr  .         Reflect  .     (no gloves)
SustAt .         Harm     .     (no barding)
MR     .....                    (no amulet)
Stlth  ..........               (no ring)
                                (no ring)

@: very quick, not resistant to hostile enchantments, extremely unstealthy
A: hooves 3, deformed body, speed 2, tough skin 3
a: no special abilities


You were on level 3 of the Dungeon.
You were hungry.

You visited 1 branch of the dungeon, and saw 3 of its levels.

You collected 38 gold pieces.

Inventory:

Hand Weapons
 a - a +0 short sword (weapon)
 e - a +0 club
 p - a +0 whip
Missiles
 l - 17 bolts
 o - 18 arrows of dispersal
 q - 15 poisoned needles
 Z - 2 stones (quivered)
Armour
 j - a +2 leather armour of fire resistance (worn)
   (You took it off an orc on level 2 of the Dungeon)
 n - a +0 buckler (worn)
 u - a +0 scale mail
Scrolls
 h - a scroll of amnesia
 t - a scroll of fog
Potions
 c - 2 potions of curing
 i - 2 potions of resistance {!q}
 k - a potion of magic {unknown}
 m - a potion of haste {unknown}
 r - a potion of agility {unknown}
Books
 b - the Guide on Arcane Weapons and Heat

   Spells                             Type                      Level
   a - Flame Tongue                   Conjuration/Fire             1
   b - Throw Flame                    Conjuration/Fire             2
 s - a book of Geomancy
Comestibles
 d - 4 chunks of flesh
 f - 3 bread rations {!e}
 g - 2 meat rations {!e}


   Skills:
 + Level 3.6 Fighting
 - Level 1.3 Armour
 + Level 2.1 Dodging
 - Level 1.5 Spellcasting
   Level 2.6 Transmutations
   Level 1.7 Evocations


You had 6 spell levels left.
You didn't know any spells.

Dungeon Overview and Level Annotations

Branches:
Dungeon (3/15)

Altars:
Fedhas


Innate Abilities, Weirdness & Mutations

You have hooves in place of feet.
Armour fits poorly on your strangely shaped body.
You cover ground very quickly.
You have extremely tough skin (AC +3).


Message History

The river rat is heavily wounded.
You hear the rapid rusting of a drain.
The rat twitches its whiskers.
The river rat bites you.
Damage: 4 (max 4)
You hit the river rat but do no damage.
The river rat is heavily wounded.
The river rat bites you.
Damage: 1 (max 4)
You hit the river rat but do no damage.
You kick the river rat, but do no damage.
The river rat is heavily wounded.
The river rat bites you.
Damage: 1 (max 4)
You closely miss the river rat. Your kick misses the river rat.
The river rat is heavily wounded.
The river rat barely misses you.
You barely miss the river rat.
You kick the river rat, but do no damage.
The river rat is moderately wounded.
The river rat bites you. The river rat barely misses you.
Damage: 3 (max 4)
You barely miss the river rat.
You kick the river rat, but do no damage.
The river rat is moderately wounded.
The river rat bites you but does no damage.
You hit the river rat. Your kick misses the river rat.
The river rat is severely wounded.
The river rat bites you but does no damage.
You are feeling hungry.
You hit the river rat. Your kick misses the river rat.
The river rat is almost dead.
The river rat completely misses you.
You barely miss the river rat. You kick the river rat.
You kill the river rat!
You barely miss the river rat.
You kick the river rat, but do no damage.
The river rat barely misses you.
You hit the river rat but do no damage. The river rat bites you.
* * * LOW HITPOINT WARNING * * *
Damage: 6 (max 6)
You closely miss the river rat. The river rat bites you!
* * * LOW HITPOINT WARNING * * *
Damage: 7 (max 7)
You hit the river rat.
The river rat is lightly wounded.
The river rat bites you.
* * * LOW HITPOINT WARNING * * *
The river rat bites you!
You die...

# ###.###....#.#
#............#
#.#)#####..###### #.#
#........ #.# #..######
#.# #..# #.# #..# #.#.#
#..########.## #.#.#
#...#.@rsw...# #.#.#
#...#.##r.#..#
#.#.#####.....# .....
#.............# ≈r...#
# #...#####.....#
≈≈...#
###...####...##.#
s≈≈.##
..............#.# ≈≈≈≈#
......####...##########
......#####.>........#


You could see a worm, a river rat, a giant cockroach and a rat.

Vanquished Creatures
  A worker ant zombie (D:2)
  4 adders
  A river rat (D:3)
  An ooze (D:2)
  3 worms
  4 giant geckos
  3 orcs
  2 ball pythons
  3 giant cockroaches
  5 goblins
  8 hobgoblins
  4 kobolds
  A quokka (D:2)
  6 bats
  4 giant newts
  7 rats
57 creatures vanquished.

Notes
Turn   | Place    | Note
--------------------------------------------------------------
     0 | D:1      | Gorice the Centaur Wanderer began the quest for the Orb.
     0 | D:1      | Gorice set off with: a book of Geomancy, the Guide on Arcane Weapons and Heat, a potion of curing, a +0 robe, a +0 club, a bread ration {!e}
     0 | D:1      | Reached XP level 1. HP: 16/16 MP: 3/3
     0 | D:1      | Identified the Guide on Arcane Weapons and Heat
   359 | D:1      | Reached XP level 2. HP: 17/23 MP: 4/4
   793 | D:1      | Reached skill level 1 in Dodging
  1045 | D:2      | Reached skill level 2 in Fighting
  1160 | D:2      | Reached XP level 3. HP: 24/29 MP: 5/5
  1273 | D:2      | HP: 7/30 [worm (5)]
  1725 | D:2      | HP: 9/30 [adder (3)]
  1732 | D:2      | HP: 4/30 [poisoned by an adder]
  2307 | D:2      | Reached XP level 4. HP: 12/37 MP: 6/6
  2309 | D:2      | HP: 11/37 [poisoned by an adder]
  2316 | D:2      | HP: 10/37 [poisoned by an adder]
  2324 | D:2      | HP: 9/37 [poisoned by an adder]
  2634 | D:2      | Reached skill level 3 in Fighting
  2843 | D:2      | Reached skill level 2 in Dodging
  3222 | D:3      | HP: 4/38 [worm (8)]
  3336 | D:3      | Found a blossoming altar of Fedhas.
  3469 | D:3      | HP: 11/39 [river rat (6)]
  3470 | D:3      | HP: 4/39 [river rat (7)]
  3471 | D:3      | HP: 1/39 [river rat (3)]
  3471 | D:3      | Mangled by a river rat

Vault maps used:
D:1:      erik_arrival_blinker_ship, fountainhead
D:3:      lemuel_castle_with_subvaults, evilmike_ruin_ashenzari,
          lemuel_round_altar, first_bread, portal_sewer_entry_b

Action                   |  1- 3 |  4- 6 || total
-------------------------+-------+-------++-------
Melee: Club              |    59 |       ||    59
       Short sword       |   147 |   108 ||   255
Throw: Stone             |    15 |     1 ||    16
  Use: Scroll            |     4 |     1 ||     5
  Eat: Chunk             |     4 |     3 ||     7

Table legend:
 A = Turns spent in this place as a percentage of turns spent in the entire game.
 B = Non-inter-level travel turns spent in this place as a percentage of non-inter-level travel turns spent in the entire game.
 C = Inter-level travel turns spent in this place as a percentage of turns spent in this place.
 D = Turns resting spent in this place as a percentage of non-inter-level travel turns spent in this place.
 E = Turns spent auto-exploring this place as a percentage of non-inter-level travel turns spent in this place.
 F = Non-inter-level travel turns spent in this place divided by the number of levels of this place that you've seen.
                   A       B       C       D       E      F
               +-------+-------+-------+-------+-------+----------------------
         Total | 100.0 | 100.0 |   0.5 |   3.8 |   1.5 | 416.0
       Dungeon | 100.0 | 100.0 |   0.5 |   3.8 |   1.5 | 416.0
               +-------+-------+-------+-------+-------+----------------------

Vault maps used:
D:1:      erik_arrival_blinker_ship, fountainhead
D:3:      lemuel_castle_with_subvaults, evilmike_ruin_ashenzari,
          lemuel_round_altar, first_bread, portal_sewer_entry_b
